 Dungeon Crawl Stone Soup version 0.18.1-8-gdd0e5ea (webtiles) character file.

399826 RKaid the Executioner (level 22, 0/217 HPs)
             Began as a Minotaur Berserker on May 22, 2016.
             Was the Champion of Trog.
             Shot with a bolt by a yaktaur (26 damage)
             ... on level 2 of the Depths on May 24, 2016.
             The game lasted 03:07:17 (48421 turns).

RKaid the Executioner (Minotaur Berserker)         Turns: 48421, Time: 03:07:17

Health: 0/217      AC:  6    Str: 42    XL:     22   Next: 26%
Magic:  16/18      EV: 20    Int: 16    God:    Trog [******]
Gold:   4267       SH: 22    Dex: 21    Spells: 0 memorised, 21 levels left

rFire  + + .     SeeInvis +     b - +5 broad axe (vamp) {!w}
rCold  + + +     Gourm    .     O - +4 gold dragon armour {rC+, rF+, rPois}
rNeg   . . .     Faith    .     W - +3 shield of Fedhas's Hope {rF+ Str+3 Dex+3}
rPois  +         Spirit   .     (helmet restricted)
rElec  .         Dismiss  .     V - +0 cloak of the Will of the Gods {MP-9 Int+9 Dex+3}
rCorr  .         Reflect  +     N - +2 pair of gloves
SustAt .         Harm     .     Y - +2 pair of boots {Fly}
MR     +....                    R - amulet "Vyruasse" {Reflect +Blink rC+ Str+4 SH+2}
Stlth  ..........               T - ring of Benevolence {Wiz rC+ Str+3 Int+3}
                                E - ring of Music {+Fly Str+2 Dex+3 SInv}

@: about to teleport, corroded, flying, somewhat resistant to hostile
enchantments, extremely unstealthy
A: retaliatory headbutt, horns 2
a: Berserk, Trog's Hand, Brothers in Arms, Burn Spellbooks, Renounce Religion,
Evoke Blink, Stop Flying
}: 2/15 runes: barnacled, gossamer


You were on level 2 of the Depths.
You worshipped Trog.
Trog was exalted by your worship.
You were hungry.

You visited 8 branches of the dungeon, and saw 41 of its levels.
You visited the Abyss 1 time.
You visited 1 bazaar.
You also visited: Labyrinth, Sewer, Ice Cave and Wizlab.

You collected 5494 gold pieces.
You spent 1227 gold pieces at shops.

Inventory:

Hand Weapons
 a - the +8 broad axe of Integrity {freeze, rN+ SInv}
   (Trog gifted it to you on level 1 of the Spider Nest)

   It has been specially enchanted to freeze those struck by it, causing extra
   injury to most foes and up to half again as much damage against particularly
   susceptible opponents.
   It can also slow down cold-blooded creatures.
   It protects you from negative energy.
   It lets you see invisible.
 b - a +5 vampiric broad axe (weapon) {!w}
   (Trog gifted it to you on level 4 of the Vaults)
 g - a +5 broad axe of flaming
   (Trog gifted it to you on level 1 of the Vaults)
 B - a +5 executioner's axe of electrocution
   (Trog gifted it to you in a labyrinth)
 F - the +8 executioner's axe of World Downfall {chop, rPois}
   (Trog gifted it to you on level 1 of the Lair of Beasts)

   It inflicts extra damage upon your enemies.
   It protects you from poison.
Missiles
 j - 13 poisoned javelins (quivered)
Armour
 N - a +2 pair of gloves (worn)
   (You found it on level 4 of the Spider Nest)
 O - a +4 gold dragon armour (worn) {rC+, rF+, rPois}
   (You found it in a labyrinth)
 S - the +0 cloak "Yzuyj" {rElec rCorr}
   (You found it in a wizard's laboratory)

   It insulates you from electricity.
   It protects you from acid and corrosion.
 V - the +0 cloak of the Will of the Gods (worn) {MP-9 Int+9 Dex+3}
   (You found it in a wizard's laboratory)

   It affects your intelligence (+9).
   It affects your dexterity (+3).
   It affects your magic capacity (-9).
 W - the +3 shield of Fedhas's Hope (worn) {rF+ Str+3 Dex+3}
   (You found it on level 12 of the Dungeon)

   It affects your strength (+3).
   It affects your dexterity (+3).
   It protects you from fire.
 Y - a +2 pair of boots of flying (worn)
   (You bought it in a shop on level 10 of the Dungeon)
Rods
 H - a +1 lightning rod (14/14)
   (You found it on level 3 of the Vaults)
 J - a +0 iron rod (11/11)
   (You took it off a centaur warrior on level 4 of the Vaults)
Jewellery
 y - an uncursed amulet of regeneration {+regen, !d}
   (You found it in an ice cave)
 D - an uncursed ring of protection from magic {MR+, !d}
   (You found it on level 4 of the Shoals)
 E - the ring of Music (left hand) {+Fly Str+2 Dex+3 SInv}
   (You found it in a wizard's laboratory)

   [ring of flight]

   It affects your strength (+2).
   It affects your dexterity (+3).
   It lets you see invisible.
   It lets you fly.
 R - the amulet "Vyruasse" (around neck) {Reflect +Blink rC+ Str+4 SH+2}
   (You found it in an ice cave)

   [amulet of reflection]

   It shields you and reflects attacks.
   It affects your strength (+4).
   It protects you from cold.
   It lets you blink.
   It affects your SH (+2).
 T - the ring of Benevolence (right hand) {Wiz rC+ Str+3 Int+3}
   (You found it on level 13 of the Dungeon)

   [ring of wizardry]

   It improves your spell success rate.
   It affects your strength (+3).
   It affects your intelligence (+3).
   It protects you from cold.
Wands
 c - a wand of teleportation (6/9)
   (You took it off a minotaur in a labyrinth)
 i - a wand of teleportation (3/9)
   (You found it on level 10 of the Dungeon)
 x - a wand of heal wounds (7/9)
   (You found it on level 3 of the Lair of Beasts)
 A - a wand of disintegration (8/24)
   (You found it on level 8 of the Dungeon)
 I - a wand of lightning (5/15)
   (You found it in a labyrinth)
 K - a wand of acid (8/15)
   (You took it off a siren on level 4 of the Shoals)
 X - a wand of digging (13/24)
   (You took it off Edmund on level 4 of the Dungeon)
 Z - a wand of iceblast (2/15)
   (You found it on level 3 of the Spider Nest)
Scrolls
 d - 9 scrolls of identify
 k - 14 scrolls of remove curse
 l - a scroll of silence
 o - 10 scrolls of teleportation
 w - 3 scrolls of magic mapping {!r}
 C - 9 scrolls of fog
 G - 6 scrolls of blinking {!r}
 P - 5 scrolls of recharging
 Q - 3 scrolls of fear
 U - 2 scrolls of brand weapon {brand w or holy w, unknown}
Potions
 e - 3 potions of might
 h - 12 potions of heal wounds
 m - 6 potions of lignification {!q}
 n - 4 potions of berserk rage {!q}
 p - 2 potions of invisibility
 q - a potion of cancellation
 r - 6 potions of agility
 u - 12 potions of curing
 v - 2 potions of magic
 z - 5 potions of ambrosia
 L - 6 potions of haste
Comestibles
 f - 14 meat rations
 s - 5 chunks of flesh


   Skills:
 - Level 22.4 Fighting
 - Level 23.8 Axes
 + Level 22.2 Armour
 + Level 14.6 Dodging
 - Level 15.3 Shields
 - Level 8.0 Evocations


You had 21 spell levels left.
You didn't know any spells.

Dungeon Overview and Level Annotations

Branches:
Dungeon (15/15)            Temple (1/1) D:6            Lair (8/8) D:8
 Shoals (4/4) Lair:5       Spider (4/4) Lair:3        Slime (0/6) Lair:7
    Orc (2/2) D:9             Elf (0/3) Orc:2        Vaults (4/5) D:13
  Crypt (0/3) Vaults:2     Depths (3/5) D:15

Altars:
Ashenzari
Dithmenos
Elyvilon
Fedhas
Kikubaaqudgha
Makhleb
Nemelex Xobeh
Pakellas
Qazlal
Ru
Sif Muna
Trog
Vehumet
Xom
Beogh

Shops:
D:6 *(![   D:9 [   D:10 [   Orc:2 }[(*   Shoals:3 [   Vaults:1 (   Vaults:2 [
Vaults:3 ??   Vaults:4 *

Portals:
Hell: Depths:1 Depths:2
Pandemonium: Depths:2

Annotations:
D:10 exclusion: oklob plant


Innate Abilities, Weirdness & Mutations

You reflexively headbutt those who attack you in melee.
You have a pair of horns on your head.


Message History

The deep troll earth mage bites you.
The deep troll earth mage claws you but does no damage.
The deep troll earth mage claws you!
The vampire knight hits you from afar with an enchanted glaive.
The entropy weaver casts a spell.
The entropic weave corrodes you!
The deep troll shaman bites you but does no damage.
The deep troll shaman completely misses you.
The deep troll shaman claws you. The deep troll earth mage bites you!
The deep troll earth mage claws you but does no damage.
The deep troll earth mage claws you.
The vampire knight hits you from afar with an enchanted glaive!
The entropy weaver hits you but does no damage. x3
The entropy weaver hits you.
The deep troll earth mage bites you but does no damage.
The deep troll earth mage claws you but does no damage.
The deep troll earth mage claws you.
The deep troll shaman bites you but does no damage.
The deep troll shaman claws you but does no damage.
The deep troll shaman barely misses you.
The vampire knight hits you but does no damage.
The deep troll earth mage bites you but does no damage.
The deep troll earth mage claws you but does no damage. x2
The entropy weaver hits you but does no damage. x2
The entropy weaver hits you.
The entropy weaver hits you but does no damage.
The deep troll shaman barely misses you.
The deep troll shaman claws you!
The deep troll shaman claws you but does no damage.
You can move again.
The vampire knight hits you with an enchanted glaive!
You block the vampire knight's attack.
The entropy weaver mumbles some strange words.
The entropic weave corrodes you!
The deep troll earth mage bites you but does no damage.
You block the deep troll earth mage's attack.
The deep troll earth mage misses you. You block the vampire knight's attack.
The entropy weaver casts a spell.
The entropic weave corrodes you!
The vampire knight hits you from afar with an enchanted glaive!
The entropy weaver casts a spell.
The entropic weave corrodes you!
The vampire knight hits you from afar with an enchanted glaive!!
The deep troll shaman barely misses you.
You block the deep troll shaman's attack. x2
You block the deep troll earth mage's attack.
The deep troll earth mage barely misses you.
You block the deep troll earth mage's attack.
There is a stone staircase leading up, spattered with blood here.
The entropy weaver mumbles some strange words.
The entropic weave corrodes you! The deep troll earth mage misses you.
You furiously retaliate!
You headbutt the deep troll earth mage, but do no damage.
You block the deep troll earth mage's attack. x2
The vampire knight hits you from afar with an enchanted glaive!!
The fire dragon bites you but does no damage.
The fire dragon claws you.
The fire dragon tramples you but does no damage.
You block the deep troll shaman's attack. x3
The yaktaur unwields an uncursed arbalest.
The yaktaur hits you!
* * * LOW HITPOINT WARNING * * *
You fly upwards.
There is a stone staircase leading down here.
Evoke which item? (* to show all) (? for menu, Esc to quit)
Okay, then.
Drink which item? (? for menu, Esc to quit)
You feel much better.
The deep troll earth mage points next to you and mumbles some strange words.
Some rock shatters into small pieces.
Drink which item? (? for menu, Esc to quit)
You feel magically purged. You block the yaktaur's attack.
The deep troll earth mage points next to you and mumbles some strange words.
Some rock shatters into small pieces.
The yaktaur wields an uncursed arbalest.
The yaktaur shoots a bolt.
You reflect the bolt off an invisible shield around you!
The bolt barely misses the yaktaur.
The yaktaur shoots a bolt.
The bolt hits you!!
* * * LOW HITPOINT WARNING * * *
You see here a bolt.
Read which item? (? for menu, Esc to quit)
As you read the scroll of teleportation, it crumbles to dust.
You feel strangely unstable.
The deep troll earth mage points next to you and mumbles some strange words.
The wall shatters!
The blast of rock fragments hits you!
* * * LOW HITPOINT WARNING * * *
The deep troll shaman calls upon its god to strengthen the deep troll earth mage.
The deep troll earth mage seems to grow stronger.
You blink.
You feel slightly more hungry.
The yaktaur shoots a bolt.
The bolt hits you!
* * * LOW HITPOINT WARNING * * *
You blink.
You are feeling hungry.
The deep troll earth mage casts a spell at the rock wall.
Some rock shatters into small pieces.
The yaktaur shoots a bolt.
The bolt hits you!!
You die...

#+#.########
#############...........
#...........#......#####
##.#########.#......#....
#..# #.....#.#......#.##.
##.####.....#.#......#.#..
#.............###.......##
#.#####............#.#....
#........@..#####..#.#####
##..#..............#.#####
##.......#.....#..#.##...
###.#.........#..#.##.##
#[..#..###.##..#.##.#.
#..............#.##.#.
#T#...##.##.#.##.##.##
#DcT#............##.#
#..(.######..#.#.##.#


You could see a fire dragon, a deep troll earth mage, a deep troll shaman and a
yaktaur.

Vanquished Creatures
  Mara (Shoals:4)
  Mennas (Vaults:3)
  Sojobo (Vaults:4)
  Saint Roka (Depths:1)
  Norris (Depths:2)
  An iron giant (Depths:2)
  Arachne (Spider:3)
  Rupert (Spider:1)
  6 liches
  A titan (Vaults:4)
  Asterion (Depths:1)
  A kraken (Shoals:2)
  3 tentacled starspawn
  An eldritch tentacle (WizLab)
  Polyphemus (Shoals:3)
  A sphinx (Vaults:3)
  The ghost of Starve the Warrior, an adept DrEE of Makhleb (Spider:4)
  Roxanne (D:15)
  Ilsuiw (Shoals:4)
  3 tengu reavers
  9 vault wardens
  3 fire giants
  2 ghost moths (Spider:1)
  4 frost giants
  9 emperor scorpions
  10 ironheart preservers
  13 stone giants
  A very ugly thing (Vaults:4)
  2 vampire knights
  3 salamander stormcallers
  2 deep elf annihilators
  Azrael (D:13)
  The ghost of Duskembrace the Bewitcher, a journeyman SpEn of Dithmenos (Spider:1)
  4 merfolk javelineers (Shoals:4)
  20 ettins
  2 deep elf death magi
  16 merfolk impalers
  2 blizzard demons
  8 vault guards
  Josephine (D:15)
  10 ogre magi
  2 fire dragons
  A minotaur (Lab)
  5 great orbs of eyes
  An entropy weaver (Spider:4)
  10 yaktaur captains
  7 ice dragons
  2 catoblepae
  A rakshasa (Depths:1)
  5 merfolk avatars
  6 hydras
  A death knight (Vaults:1)
  A hell beast (Depths:1)
  7 centaur warriors
  12 merfolk aquamancers
  A queen ant (Spider:4)
  4 satyrs
  8 deep troll earth magi
  11 death yaks
  5 deep troll shamans
  8 tengu warriors
  A thrashing horror (WizLab)
  A vampire mage (Depths:1)
  10 hell knights (Depths:2)
  A sun demon (WizLab)
  Urug (D:15)
  A soul eater (WizLab)
  10 deep elf knights
  A shadow wraith (Vaults:2)
  5 iron trolls
  A fire crab (Vaults:4)
  A giant orange brain (shapeshifter) (Vaults:2)
  5 unseen horrors
  16 sea snakes
  21 deep trolls
  A swamp dragon (shapeshifter) (Depths:1)
  4 skeletal warriors (Vaults:2)
  3 giant orange brains
  An orange crystal statue (Depths:1)
  8 hill giants
  5 harpies
  7 necromancers
  A phantasmal warrior (Vaults:1)
  A flayed ghost (Vaults:1)
  12 ironbrand convokers
  13 deep elf magi
  8 orc knights
  An obsidian statue (WizLab)
  5 deep elf archers
  A sphinx zombie (Depths:1)
  19 orb spiders
  A lindwurm (Lair:7)
  A frost giant zombie (Depths:1)
  28 wolf spiders
  3 orc sorcerers
  13 griffons
  24 ugly things
  5 cyclopes
  21 fauns
  3 wizards
  An oklob plant (Lair:1)
  9 elephants
  10 manticores
  7 hornets
  A worldbinder (Abyss:2)
  2 moths of wrath
  Maurice (Orc:1)
  14 vault sentinels
  An eye of devastation (Lair:7)
  5 black mambas
  12 sirens
  4 ice statues
  5 centaur skeletons
  A torpor snail (Lair:3)
  7 water nymphs
  A demonspawn skeleton (WizLab)
  A rust devil (Depths:1)
  18 spiny frogs
  A komodo dragon (shapeshifter) (Vaults:2)
  8 gargoyles
  38 yaktaurs
  6 komodo dragons
  3 rime drakes
  A red devil (Depths:1)
  15 demonic crawlers
  11 freezing wraiths
  2 efreet (D:15)
  4 ice devils (Depths:1)
  A redback zombie (D:14)
  A hellwing (WizLab)
  A jumping spider (shapeshifter) (Vaults:1)
  2 tengu conjurers
  25 jumping spiders
  8 trolls
  A two-headed ogre (shapeshifter) (Vaults:1)
  34 merfolk
  8 polar bears
  19 two-headed ogres
  2 wind drakes
  A hornet zombie (D:15)
  A wind drake (shapeshifter) (Vaults:4)
  8 slime creatures
  23 blink frogs
  A fire dragon zombie (Depths:1)
  3 snapping turtles
  5 boulder beetles
  2 large abominations
  10 spriggans (Lair:8)
  24 water elementals
  70 redbacks
  A centaur simulacrum (D:14)
  2 shadows
  2 deep troll skeletons (WizLab)
  A hill giant zombie (D:9)
  4 vampires
  46 yaks
  7 wyverns
  4 fire bats (D:12)
  6 wraiths
  22 tarantellas
  A fire elemental (D:13)
  A human (shapeshifter) (Depths:1)
  A golden eye (shapeshifter) (Depths:2)
  A hog (shapeshifter) (Vaults:1)
  9 hungry ghosts
  3 basilisks
  14 hippogriffs
  A steam dragon (D:9)
  29 vampire mosquitoes
  2 chaos spawn
  A human simulacrum (Vaults:3)
  5 wargs
  Menkaure (D:5)
  2 mottled dragons (Vaults:2)
  Edmund (D:4)
  3 spatial vortices (WizLab)
  2 insubstantial wisps (WizLab)
  7 soldier ants
  11 water moccasins
  Duvessa (D:4)
  A hell hound (shapeshifter) (Vaults:2)
  8 porcupines
  7 hell hounds
  39 orc warriors
  4 eyes of draining
  3 phantoms
  8 black bears
  A black bear (shapeshifter) (Vaults:2)
  5 wasps
  4 sky beasts
  25 ice beasts
  49 ogres
  12 boggarts
  A fire dragon simulacrum (Depths:1)
  29 wolves
  17 centaurs
  12 crocodiles
  2 big kobolds
  12 giant frogs
  A gnoll sergeant (D:9)
  An earth elemental (Lab)
  Dowan (D:4)
  A water moccasin skeleton (D:7)
  3 scorpions
  An orc simulacrum (Vaults:1)
  A troll zombie (D:9)
  17 wights
  4 killer bees (D:8)
  5 electric eels
  A spriggan skeleton (Lab)
  4 howler monkeys
  8 crimson imps
  A troll skeleton (Lab)
  2 lava snakes (D:12)
  4 centaur zombies
  3 giant frog zombies
  3 hounds
  15 orc priests
  2 giant frog skeletons
  2 jellies
  An iguana (shapeshifter) (Vaults:2)
  8 iguanas
  11 worker ants
  28 orc wizards
  18 sheep
  4 ogre zombies (D:9)
  A hound skeleton (D:9)
  A howler monkey zombie (D:10)
  13 gnolls
  12 adders
  58 river rats
  2 shadow imps
  2 white imps (Depths:1)
  2 ufetubi
  4 adder skeletons
  An adder zombie (D:4)
  2 worms
  2 dart slugs
  2 giant geckos
  93 orcs
  A giant cockroach (D:3)
  3 goblins
  3 hobgoblins
  8 jackals
  2 quokkas
  8 ball pythons
  5 bats
  7 giant newts
  4 goblin skeletons (D:9)
  4 goblin zombies (D:9)
  A hobgoblin zombie (D:9)
  22 kobolds
  10 orc zombies (D:9)
  23 rats
  3 fire vortices (D:12)
  10 fungi
  13 plants
  5 starspawn tentacles
1860 creatures vanquished.

Vanquished Creatures (others)
  Boris (Vaults:4)
  2 yaktaur captains
  A centaur warrior (Vaults:3)
  A phantasmal warrior (Vaults:2)
  2 cyclopes
  A centaur zombie (D:15)
  2 yaktaurs (Vaults:3)
  A demonic crawler (Spider:4)
  2 jumping spiders
  9 orc warriors
  A boggart (Depths:1)
  7 centaurs
  3 orc wizards
  3 river rats (Lair:7)
  6 orcs (Orc:2)
  501 eldritch tentacle segments (WizLab)
  12 fungi
  A lurking horror (WizLab)
  23 plants
  2 starspawn tentacles (WizLab)
  28 starspawn tentacle segments
  12 tentacles (Shoals:2)
  6 tentacle segments (Shoals:2)
627 creatures vanquished.

Grand Total: 2487 creatures vanquished

Notes
Turn   | Place    | Note
--------------------------------------------------------------
     0 | D:1      | RKaid the Minotaur Berserker began the quest for the Orb.
     0 | D:1      | Reached XP level 1. HP: 19/19 MP: 0/0
    43 | D:1      | Reached skill level 4 in Axes
   252 | D:1      | Reached XP level 2. HP: 20/26 MP: 1/1
   570 | D:2      | Reached skill level 5 in Axes
   570 | D:2      | Reached XP level 3. HP: 31/31 MP: 2/2
   620 | D:2      | Reached ** piety under Trog
   624 | D:2      | HP: 7/31 [poisoned by an adder]
   632 | D:2      | HP: 6/31 [poisoned by an adder]
  1533 | D:2      | HP: 4/31 [worm (4)]
  1664 | D:3      | Reached XP level 4. HP: 22/39 MP: 3/3
  1722 | D:3      | Reached skill level 6 in Axes
  1960 | D:3      | Found a glowing drain.
  1977 | Sewer    | Entered a sewer
  2323 | Sewer    | Reached *** piety under Trog
  2324 | Sewer    | Reached XP level 5. HP: 23/45 MP: 4/4
  2326 | Sewer    | Reached skill level 7 in Axes
  2764 | Sewer    | Reached skill level 8 in Axes
  3100 | D:4      | Found a burning altar of Makhleb.
  3104 | D:4      | Reached XP level 6. HP: 51/51 MP: 5/5
  3182 | D:4      | Reached **** piety under Trog
  3699 | D:4      | Noticed Edmund
  3702 | D:4      | Reached skill level 9 in Axes
  3718 | D:4      | Killed Edmund
  3718 | D:4      | Reached XP level 7. HP: 33/57 MP: 6/6
  3735 | D:4      | HP: 11/57 [orc/flail (5)]
  3854 | D:4      | Reached skill level 10 in Axes
  3953 | D:4      | Found a shattered altar of Ashenzari.
  3953 | D:4      | Noticed Duvessa
  3953 | D:4      | Noticed Dowan
  3957 | D:4      | Killed Duvessa
  3979 | D:4      | Killed Dowan
  4295 | D:5      | Entered Level 5 of the Dungeon
  4304 | D:5      | Reached skill level 11 in Axes
  4470 | D:5      | Noticed Menkaure
  4481 | D:5      | Killed Menkaure
  4481 | D:5      | Reached XP level 8. HP: 58/64 MP: 7/7
  4681 | D:5      | Received a gift from Trog
  4720 | D:5      | Reached skill level 12 in Axes
  5143 | D:6      | Found a stormy altar of Qazlal.
  5289 | D:6      | Found a staircase to the Ecumenical Temple.
  5298 | Temple   | Entered the Ecumenical Temple
  5316 | D:6      | Found Onnos's Assorted Antiques.
  5326 | D:6      | Reached skill level 13 in Axes
  5384 | D:6      | Found Eklev's Antique Weapon Emporium.
  5616 | D:6      | Bought a warped hand axe for 224 gold pieces
  5616 | D:6      | Identified the cursed +2 hand axe of Doom {freeze, MP+9} (You bought it in a shop on level 6 of the Dungeon)
  5632 | D:6      | Reached ***** piety under Trog
  5653 | D:6      | Reached XP level 9. HP: 22/70 MP: 8/8
  5980 | D:6      | Reached skill level 14 in Axes
  6083 | D:6      | Found Luraczul's Antique Armour Emporium.
  6251 | D:6      | Found Ugraedagh's Distillery.
  6263 | D:6      | Bought a potion of degeneration for 12 gold pieces
  6346 | D:7      | Found a bloodstained altar of Trog.
  6522 | D:7      | Reached skill level 15 in Axes
  6689 | D:8      | Reached skill level 4 in Fighting
  6689 | D:8      | Reached skill level 3 in Armour
  6839 | D:8      | Found a staircase to the Lair.
  6973 | D:8      | Noticed a death yak
  6994 | D:8      | Killed a death yak
  6994 | D:8      | Reached skill level 6 in Fighting
  6994 | D:8      | Reached skill level 5 in Armour
  6994 | D:8      | Reached XP level 10. HP: 61/83 MP: 9/9
  7331 | Lair:1   | Entered Level 1 of the Lair of Beasts
  7333 | Lair:1   | Received a gift from Trog
  7336 | Lair:1   | Got a polished executioner's axe {god gift}
  7338 | Lair:1   | Identified the +8 executioner's axe of World Downfall {chop, rPois} (Trog gifted it to you on level 1 of the Lair of Beasts)
  7466 | Lair:1   | Reached skill level 6 in Armour
  7475 | Lair:1   | Noticed a five-headed hydra
  7476 | Lair:1   | Reached skill level 7 in Fighting
  7497 | Lair:1   | Killed a one-headed hydra
  7497 | Lair:1   | Reached skill level 7 in Armour
  7501 | Lair:1   | Reached skill level 8 in Fighting
  7518 | Lair:1   | Reached skill level 8 in Armour
  8097 | Lair:2   | Reached skill level 9 in Fighting
  8318 | Lair:2   | Reached skill level 9 in Armour
  8630 | Lair:3   | Reached XP level 11. HP: 70/99 MP: 10/10
  8670 | Lair:3   | Reached skill level 10 in Fighting
  8722 | Lair:3   | Found a dark tunnel.
  8806 | Lair:3   | Found a labyrinth entrance.
  8815 | Lab      | Entered a labyrinth
  8846 | Lab      | Received a gift from Trog
  9179 | Lab      | Reached skill level 10 in Armour
  9276 | Lab      | Reached skill level 3 in Dodging
  9307 | Lab      | Got a scorched scale mail
  9360 | Lab      | Reached skill level 4 in Dodging
  9377 | Lab      | HP: 20/101 [gargoyle/stone arrow (19)]
  9386 | Lab      | Reached skill level 5 in Dodging
  9720 | Lab      | Reached skill level 6 in Dodging
  9856 | Lab      | Noticed a minotaur
  9863 | Lab      | Killed a minotaur
  9883 | Lair:3   | Identified the +7 scale mail of the Armadillo {Str+3} (You found it in a labyrinth)
  9926 | Lair:3   | Noticed a death yak
  9929 | Lair:3   | Reached skill level 7 in Dodging
 10366 | Lair:4   | Reached skill level 16 in Axes
 10413 | Lair:4   | Reached skill level 8 in Dodging
 10750 | Lair:4   | Reached XP level 12. HP: 104/107 MP: 11/11
 11128 | Lair:5   | Noticed an eight-headed hydra
 11134 | Lair:5   | Killed a five-headed hydra
 11134 | Lair:5   | Reached skill level 9 in Dodging
 11267 | Lair:5   | Found a bloodstained altar of Trog.
 11270 | Lair:5   | Noticed a five-headed hydra
 11276 | Lair:5   | Killed a three-headed hydra
 11374 | Lair:5   | Found a staircase to the Shoals.
 11729 | Lair:6   | Reached skill level 17 in Axes
 11730 | Lair:6   | Reached skill level 10 in Dodging
 11968 | Lair:6   | Received a gift from Trog
 11973 | Lair:6   | Got an encrusted battleaxe {god gift}
 11974 | Lair:6   | Identified the +9 battleaxe of the Big Bang {chop, MR+ Int+2 Stlth+} (Trog gifted it to you on level 6 of the Lair of Beasts)
 12315 | Lair:6   | Noticed a five-headed hydra
 12322 | Lair:6   | Killed a two-headed hydra
 12322 | Lair:6   | Reached skill level 11 in Dodging
 12462 | Lair:7   | Noticed a catoblepas
 12508 | Lair:7   | Killed a catoblepas
 12508 | Lair:7   | Reached XP level 13. HP: 29/114 MP: 12/12
 12878 | Lair:7   | Reached skill level 18 in Axes
 12895 | Lair:7   | Reached skill level 12 in Dodging
 13125 | Lair:7   | Found a staircase to the Slime Pits.
 14131 | Lair:8   | Entered Level 8 of the Lair of Beasts
 14137 | Lair:8   | Reached skill level 11 in Fighting
 14347 | Lair:8   | Reached ****** piety under Trog
 14350 | Lair:8   | Reached skill level 11 in Armour
 14560 | Lair:8   | Received a gift from Trog
 14617 | Lair:8   | Reached skill level 12 in Fighting
 14761 | Lair:8   | Reached skill level 12 in Armour
 15259 | Lair:3   | Found a hole to the Spider Nest.
 15628 | Lair:3   | Reached XP level 14. HP: 120/127 MP: 13/13
 15640 | Lair:3   | Received a gift from Trog
 15661 | Spider:1 | Entered Level 1 of the Spider Nest
 15668 | Spider:1 | Reached skill level 13 in Fighting
 16062 | Spider:1 | Killed a ghost moth
 16062 | Spider:1 | Reached skill level 13 in Armour
 16158 | Spider:1 | Noticed Rupert
 16176 | Spider:1 | Killed Rupert
 16537 | Spider:1 | Noticed Duskembrace's ghost (journeyman SpEn)
 16938 | Spider:1 | Killed Duskembrace's ghost
 17094 | Lair:1   | Reached skill level 14 in Fighting
 17383 | D:9      | Found Poext's Antique Armour Emporium.
 17431 | D:6      | Bought a spiked cloak for 285 gold pieces
 17441 | D:6      | Identified the +0 cloak of Fyvicapt {-Cast rElec rPois MP+9} (You bought it in a shop on level 6 of the Dungeon)
 17546 | D:9      | Found a staircase to the Orcish Mines.
 18704 | D:10     | Entered Level 10 of the Dungeon
 18925 | D:10     | You fall through a shaft for 3 floors!
 19032 | D:13     | Got a crude platinum ring
 19034 | D:13     | Identified the ring of Benevolence {Wiz rC+ Str+3 Int+3} (You found it on level 13 of the Dungeon)
 19230 | D:12     | Got a warped shield
 19236 | D:12     | Identified the +3 shield of Fedhas's Hope {rF+ Str+3 Dex+3} (You found it on level 12 of the Dungeon)
 19286 | D:12     | Received a gift from Trog
 19317 | D:12     | Reached skill level 1 in Shields
 19422 | D:12     | Reached skill level 14 in Armour
 19429 | D:12     | Reached skill level 2 in Shields
 19619 | D:11     | Reached skill level 3 in Shields
 19848 | D:10     | Found Qeniqo's Antique Armour Shop.
 19869 | D:10     | Bought a faintly humming cloak for 275 gold pieces
 19869 | D:10     | Bought a pair of glowing boots for 130 gold pieces
 19891 | D:10     | Identified the +0 cloak "Kuvepney" {rC- Regen+ Int+4} (You bought it in a shop on level 10 of the Dungeon)
 20332 | D:10     | Found a blossoming altar of Fedhas.
 20749 | D:11     | Reached skill level 4 in Shields
 20779 | D:11     | Received a gift from Trog
 21325 | D:12     | Reached skill level 5 in Shields
 21563 | D:13     | Noticed Azrael
 21587 | D:13     | HP: 2/133 [Azrael/damnation (55)]
 21594 | D:13     | Killed Azrael
 22015 | D:13     | Reached skill level 6 in Shields
 22027 | D:13     | Reached XP level 15. HP: 59/139 MP: 14/14
 22044 | D:13     | Found a gate to the Vaults.
 22882 | Spider:1 | Killed a ghost moth
 22882 | Spider:1 | Received a gift from Trog
 22882 | Spider:1 | Reached skill level 7 in Shields
 22885 | Spider:1 | Got a crystal broad axe {god gift}
 22897 | Spider:1 | Identified the +8 broad axe of Integrity {freeze, rN+ SInv} (Trog gifted it to you on level 1 of the Spider Nest)
 23115 | Spider:2 | Reached skill level 19 in Axes
 23145 | Spider:2 | Reached skill level 8 in Shields
 23373 | Spider:2 | Reached skill level 15 in Armour
 23428 | Spider:2 | Reached skill level 9 in Shields
 24267 | Spider:3 | Reached skill level 10 in Shields
 24270 | Spider:3 | Noticed Arachne
 24270 | Spider:3 | Received a gift from Trog
 24286 | Spider:3 | Killed Arachne
 24742 | Spider:3 | Reached skill level 11 in Shields
 24928 | Spider:4 | Entered Level 4 of the Spider Nest
 25177 | Spider:4 | Reached XP level 16. HP: 68/147 MP: 15/15
 25241 | Spider:4 | Received a gift from Trog
 25469 | Spider:4 | Reached skill level 12 in Shields
 25625 | Spider:4 | Reached skill level 16 in Armour
 25732 | Spider:4 | Got a gossamer rune of Zot
 26329 | Spider:4 | Reached skill level 13 in Shields
 26424 | Spider:4 | Noticed Starve's ghost (adept DrEE)
 26437 | Spider:4 | Reached skill level 20 in Axes
 26460 | Spider:4 | Killed Starve's ghost
 27072 | Shoals:1 | Entered Level 1 of the Shoals
 27269 | Shoals:1 | Found a flickering gateway to a bazaar.
 27287 | Bazaar   | Entered a bazaar
 27291 | Bazaar   | Found Itaobos's Jewellery Boutique.
 27310 | Bazaar   | Found Megirhu's Assorted Antiques.
 27315 | Bazaar   | Bought a scroll of identify for 84 gold pieces
 27332 | Bazaar   | Found Seqyph's Book Boutique.
 27350 | Bazaar   | Found Wargheopp's Antique Armour Shoppe.
 27478 | Shoals:1 | Received a gift from Trog
 28354 | Shoals:2 | Reached skill level 14 in Shields
 28394 | Shoals:2 | Noticed a kraken
 28419 | Shoals:2 | Killed a kraken
 29193 | Shoals:3 | Noticed Polyphemus
 29201 | Shoals:3 | Killed Polyphemus
 29203 | Shoals:3 | Reached XP level 17. HP: 154/154 MP: 16/16
 29482 | Shoals:3 | Reached skill level 17 in Armour
 29494 | Shoals:3 | Reached skill level 15 in Shields
 29705 | Shoals:3 | Found Gushrior's Armour Shoppe.
 30439 | Shoals:4 | Entered Level 4 of the Shoals
 30468 | Shoals:4 | Received a gift from Trog
 30525 | Shoals:4 | Noticed Mara
 30541 | Shoals:4 | Noticed RKaid's illusion
 30551 | Shoals:4 | Killed Mara
 30661 | Shoals:4 | Reached skill level 15 in Fighting
 30681 | Shoals:4 | Noticed Ilsuiw
 30710 | Shoals:4 | HP: 38/156 [merfolk aquamancer/great wave of water (34)]
 30711 | Shoals:4 | HP: 18/156 [merfolk aquamancer/enchanted rapier (12)]
 30714 | Shoals:4 | Received a gift from Trog
 30722 | Shoals:4 | HP: 32/156 [drowned by a drowned soul[a merfolk avatar] (14)]
 30729 | Shoals:4 | HP: 31/156 [drowned by a drowned soul[a merfolk avatar] (9)]
 30835 | Shoals:4 | Reached skill level 18 in Armour
 31095 | Shoals:4 | Killed Ilsuiw
 31556 | Shoals:4 | Reached skill level 16 in Fighting
 31967 | Shoals:4 | Got a barnacled rune of Zot
 32021 | Shoals:4 | Received a gift from Trog
 32125 | Shoals:4 | Reached XP level 18. HP: 157/168 MP: 17/17
 32651 | Shoals:1 | Reached skill level 19 in Armour
 32760 | Lair:1   | Identified 2 scrolls of acquirement
 32761 | Lair:1   | Got a pitted cloak
 32772 | Lair:1   | Identified the +2 cloak of the Kraken {Regen+ Str-3 SInv} (You acquired it on level 1 of the Lair of Beasts)
 34070 | D:15     | Entered Level 15 of the Dungeon
 34070 | D:15     | Noticed Urug
 34079 | D:15     | Killed Urug
 34203 | D:15     | Noticed Josephine
 34206 | D:15     | Received a gift from Trog
 34216 | D:15     | Killed Josephine
 34231 | D:15     | Reached skill level 17 in Fighting
 34265 | D:15     | Found a frozen archway.
 34275 | IceCv    | Entered an ice cave
 34434 | IceCv    | Got a sparkling jade amulet
 34670 | D:15     | Identified the amulet "Vyruasse" {Reflect +Blink rC+ Str+4 SH+2} (You found it in an ice cave)
 34746 | D:15     | Found a staircase to the Depths.
 34795 | D:15     | Found a sacrificial altar of Ru.
 34886 | D:15     | Noticed Roxanne
 34908 | D:15     | Killed Roxanne
 34910 | D:15     | Identified Roxanne's Handbook of Transformation (You took it off Roxanne on level 15 of the Dungeon)
 35423 | Orc:1    | Entered Level 1 of the Orcish Mines
 35667 | Orc:1    | Reached skill level 1 in Evocations
 35759 | Orc:1    | Received a gift from Trog
 35980 | Orc:1    | Noticed Maurice
 35986 | Orc:1    | Killed Maurice
 36048 | Orc:2    | Entered Level 2 of the Orcish Mines
 36169 | Orc:2    | Reached skill level 2 in Evocations
 36269 | Orc:2    | Found Loagaazu's Antique Weapon Shoppe.
 36269 | Orc:2    | Found Ceimeteubb's Armour Shop.
 36271 | Orc:2    | Found Beklaen's Gadget Boutique.
 36273 | Orc:2    | Found Fafar's Assorted Antiques.
 36288 | Orc:2    | Bought a scroll of identify for 60 gold pieces
 36443 | Orc:2    | Found a roughly hewn altar of Beogh.
 36555 | Orc:2    | Found a staircase to the Elven Halls.
 36992 | Vaults:1 | Entered Level 1 of the Vaults
 36992 | Vaults:1 | Found Leorid's Antique Weapon Boutique.
 37031 | Vaults:1 | Reached skill level 20 in Armour
 37073 | Vaults:1 | Reached skill level 3 in Evocations
 37544 | Vaults:1 | Received a gift from Trog
 37547 | Vaults:1 | Reached skill level 4 in Evocations
 37980 | Vaults:1 | Cast into level 2 of the Abyss (an ogre mage)
 38094 | Vaults:1 | Escaped the Abyss
 38119 | Vaults:1 | Reached skill level 5 in Evocations
 38307 | Vaults:1 | Reached XP level 19. HP: 176/177 MP: 22/22
 38847 | Vaults:2 | Received a gift from Trog
 38852 | Vaults:2 | Reached skill level 6 in Evocations
 38877 | Vaults:2 | Found a magical portal.
 38892 | WizLab   | Entered The Roulette of Golubria
 38896 | WizLab   | Found a corrupted altar of Lugonu.
 38979 | WizLab   | Reached skill level 18 in Fighting
 39071 | WizLab   | Got a distressingly furry cloak
 39077 | WizLab   | Got an encrusted cloak
 39086 | WizLab   | Got a jewelled cloak
 39131 | WizLab   | Identified the +0 cloak "Yzuyj" {rElec rCorr} (You found it in a wizard's laboratory)
 39141 | WizLab   | Identified the +1 cloak of the Lost Planets {rElec} (You found it in a wizard's laboratory)
 39151 | WizLab   | Identified the cursed +0 cloak of the Will of the Gods {MP-9 Int+9 Dex+3} (You found it in a wizard's laboratory)
 39549 | WizLab   | Got a shimmering wooden ring
 39551 | WizLab   | Identified the ring of Music {+Fly Str+2 Dex+3 SInv} (You found it in a wizard's laboratory)
 39717 | Vaults:2 | Reached skill level 7 in Evocations
 39744 | Vaults:2 | Noticed a lich
 39772 | Vaults:2 | Killed a lich
 40131 | Vaults:2 | Reached skill level 8 in Evocations
 40181 | Vaults:2 | Received a gift from Trog
 40214 | Vaults:2 | Reached skill level 19 in Fighting
 40232 | Vaults:2 | Reached skill level 21 in Axes
 40742 | Vaults:2 | Found a staircase to the Crypt.
 40835 | Vaults:2 | Found Yxelal's Antique Armour Shoppe.
 41275 | Vaults:2 | Received a gift from Trog
 41438 | Vaults:3 | Noticed a lich
 41446 | Vaults:3 | Killed a lich
 41446 | Vaults:3 | Reached XP level 20. HP: 178/193 MP: 16/25
 41829 | Vaults:3 | Found Jovvodiang's Magic Scroll Shoppe.
 41836 | Vaults:3 | Received a gift from Trog
 41913 | Vaults:3 | Found Inne Rai's Magic Scroll Shoppe.
 41923 | Vaults:3 | Reached skill level 20 in Fighting
 41929 | Vaults:3 | Bought a scroll of blinking for 157 gold pieces
 42077 | Vaults:3 | Identified a +1 lightning rod (14/14) (You found it on level 3 of the Vaults)
 42228 | Vaults:3 | Reached skill level 22 in Axes
 42265 | Vaults:3 | Noticed Mennas
 42848 | Vaults:3 | Killed Mennas
 43151 | Vaults:4 | Noticed Sojobo
 43177 | Vaults:4 | Received a gift from Trog
 43184 | Vaults:4 | Reached skill level 21 in Fighting
 43417 | Vaults:4 | Identified a +0 iron rod (5/11) (You took it off a centaur warrior on level 4 of the Vaults)
 43439 | Vaults:4 | Noticed Boris
 43456 | Vaults:4 | Killed Boris
 43481 | Vaults:4 | Killed Sojobo
 43612 | Vaults:4 | Reached skill level 23 in Axes
 43839 | Vaults:4 | Reached XP level 21. HP: 205/205 MP: 17/26
 43870 | Vaults:4 | Found Exidatol's Assorted Antiques.
 43974 | Vaults:4 | Received a gift from Trog
 44543 | Depths:1 | Entered Level 1 of the Depths
 44647 | Depths:1 | Found a gateway to Hell.
 44728 | Depths:1 | Reached skill level 22 in Fighting
 44747 | Depths:1 | Got a fine chain mail
 44760 | Depths:1 | Paralysed by a lich for 2 turns
 44805 | Depths:1 | Identified the +8 chain mail "Uduynocadgh" {rF- Int+2 Dex+4} (You found it on level 1 of the Depths)
 44993 | Depths:1 | Noticed Saint Roka
 45008 | Depths:1 | Killed Saint Roka
 45232 | Depths:1 | Received a gift from Trog
 45498 | Depths:1 | Noticed Asterion
 45511 | Depths:1 | Killed Asterion
 45623 | Depths:1 | Got a slimy wooden ring
 45625 | Depths:1 | Identified the ring "Nyompuz" {Ice Fragile rElec Dex+3} (You found it on level 1 of the Depths)
 45807 | Depths:2 | Reached skill level 21 in Armour
 46541 | Depths:2 | Noticed Norris
 46542 | Depths:2 | Paralysed by Norris for 2 turns
 46549 | Depths:2 | Killed Norris
 46549 | Depths:2 | Reached skill level 13 in Dodging
 46612 | Depths:2 | Found a one-way gate leading to the halls of Pandemonium.
 46993 | Depths:2 | Received a gift from Trog
 47088 | Depths:2 | Got a shimmering leather armour
 47456 | Depths:2 | Reached XP level 22. HP: 217/217 MP: 18/27
 47561 | Depths:2 | Got a translucent battleaxe
 47562 | Depths:2 | Identified the +8 battleaxe "Kirroes" {drain, Str+5} (You found it on level 2 of the Depths)
 47653 | Depths:2 | Reached skill level 14 in Dodging
 47702 | Depths:2 | Reached skill level 22 in Armour
 47745 | Depths:2 | Got a faintly glowing emerald amulet
 47887 | Depths:2 | Identified the amulet "Udiymugo" {RegenMP *Contam rElec rN+ Dex+2} (You found it on level 2 of the Depths)
 48392 | Depths:3 | Received a gift from Trog
 48405 | Depths:3 | Paralysed by a vampire knight for 3 turns
 48418 | Depths:2 | HP: 35/217 [deep troll earth mage/blast of rock fragments (30)]
 48421 | Depths:2 | Shot with a bolt by a yaktaur

Skill      XL: |  1  2  3  4  5  6  7  8  9 10 11 12 13 14 15 16 17 18 19 20 21 22 |
---------------+-------------------------------------------------------------------+-----
Axes           | 4 5 6 8 9 11 13 15 16 17 18 19 20 21 23 | 23.8
Fighting       | 6 9 10 12 14 16 17 19 21 22 | 22.4
Armour         | 5 9 10 12 14 15 16 18 20 21 22 | 22.2
Dodging        | 8 11 12 13 14 | 14.6
Shields        | 6 11 14 15 | 15.3
Evocations     | 5 8 |  8.0

Action                   |  1- 3 |  4- 6 |  7- 9 | 10-12 | 13-15 | 16-18 | 19-21 | 22-24 || total
-------------------------+-------+-------+-------+-------+-------+-------+-------+-------++-------
Melee: Hand axe          |    73 |   156 |   280 |       |   448 |       |       |       ||   957
       Headbutt          |    12 |    25 |    83 |   130 |   369 |   381 |   393 |    35 ||  1428
       War axe           |       |       |     9 |   433 |   738 |       |       |       ||  1180
       Executioner's axe |       |       |       |     6 |       |       |       |       ||     6
       Broad axe         |       |       |       |       |   243 |  1237 |  1105 |    91 ||  2676
Throw: Tomahawk          |       |     1 |     7 |    11 |    40 |       |       |       ||    59
       Javelin           |       |       |       |       |    37 |    46 |    22 |     5 ||   110
Invok: Berserk           |       |     1 |     2 |     1 |     2 |     1 |     2 |       ||     9
       Trog's Hand       |       |       |     1 |       |       |     1 |       |       ||     2
       Burn Spellbooks   |       |       |       |     4 |     4 |     5 |     2 |       ||    15
       Brothers in Arms  |       |       |       |       |       |       |     1 |       ||     1
 Abil: Evoke Blink       |       |       |       |       |       |       |       |     2 ||     2
Evoke: Wand              |       |       |       |     2 |     1 |     3 |     6 |       ||    12
  Use: Potion            |     1 |       |       |       |     4 |     4 |     1 |     2 ||    12
       Scroll            |       |     3 |     8 |    12 |    14 |     9 |    12 |     3 ||    61
 Stab: Sleeping          |     1 |       |       |       |       |       |       |       ||     1
       Distracted        |       |       |       |       |       |     1 |     3 |       ||     4
  Eat: Beef jerky        |     1 |       |     1 |     1 |     4 |     3 |       |       ||    10
       Pizza             |     1 |       |       |       |     3 |       |     2 |       ||     6
       Chunk             |       |     3 |     3 |     9 |    11 |    12 |     2 |     4 ||    44
       Bread ration      |       |     1 |     1 |     4 |       |     6 |     3 |       ||    15
       Royal jelly       |       |       |     1 |       |     3 |       |     1 |       ||     5
       Fruit             |       |       |       |     2 |    22 |     3 |     5 |       ||    32
       Meat ration       |       |       |       |     1 |       |       |     2 |       ||     3
Armor: Animal skin       |    21 |    33 |     4 |       |       |       |       |       ||    58
       Chain mail        |       |       |    97 |    91 |       |       |       |       ||   188
       Scale mail        |       |       |       |    71 |    26 |       |       |       ||    97
       Gold dragon armou |       |       |       |       |   810 |   431 |   301 |    64 ||  1606
Dodge: Dodged            |    51 |   108 |    76 |   204 |   564 |   404 |   353 |    71 ||  1831
Block: Shield            |       |       |       |       |   429 |  1136 |   920 |   107 ||  2592
       Reflection        |       |       |       |       |       |   112 |   118 |    19 ||   249

Vault maps used:
D:1:      lightli_molten_gateway, kennysheep_boxes
D:2:      first_bread
D:3:      portal_sewer_entry_d, uniq_iyjb
D:4:      forest_paths, makhleb_grotto_becter, evilmike_ruin_ashenzari,
          uniq_crazy_yiuf_cottage, uniq_duvessa, uniq_edmund
D:5:      wad_floor_pattern_untrapped, grunt_ministairs_14,
          kennysheep_crisscross, nrook_uturn, uniq_menkaure
D:6:      minmay_temple_entry_statues_fountains, serial_shops,
          nicolae_shop_window_shopping, shop, shop, shop, basic_altar
D:7:      hangedman_decor_points, minmay_misc_feat_chi, grunt_livestock,
          trog_ov_bears_minmay
D:8:      dpeg_lair_monsters, minmay_misc_feat_more_columns, st_stairs_4,
          kennysheep_generic_room_12
D:9:      zombieorc1_lemuel, serial_shops, shop, minmay_holes,
          lemuel_flamethrower_hall
D:10:     serial_shops, shop, tgw_fedhas
D:12:     spider_trap, hangedman_incinerator
D:13:     david_vaults_4, uniq_azrael
D:14:     infiniplex_staircase_pool_2
D:15:     hangedman_depths_entry_civil_slaughter,
          portal_ice_cave_entry_pillars_02, grunt_decor_resistance,
          nicolae_ru_awakened_eye, uniq_urug, uniq_josephine, uniq_roxanne
Temple:   grunt_circular_temple_18
Lair:1:   minmay_lair_oklob_items
Lair:2:   grunt_megastairs_2
Lair:3:   spider_nest_entry_webs, nicolae_volcano_entry_lava_flow,
          lab_entry_generic, grunt_forest_large_clearings
Lair:4:   guppyfry_lair_drakes
Lair:5:   minmay_shoals_entry_lonely_mermaid, basic_altar,
          minmay_stone_trees_small, nicolae_lair_grove_arrangements
Lair:6:   wad_woods_river_03, nicolae_quartered_pool_medium
Lair:7:   minmay_slime_entry_eyes, st_stairs_12, lookout_lair_type,
          beast_lair_carwin_6, infiniplex_staircase_pool
Lair:8:   minmay_lair_end_enchanted_forest, st_stairs_10, grunt_megastairs_3
Shoals:1: serial_shops, bzr_entry_water
Shoals:3: serial_shops, shop, uniq_polyphemus
Shoals:4: shoals_end_simple, shoal_ilsuiw, uniq_mara
Spider:1: uniq_rupert
Spider:2: hive_lemuel, nicolae_spider_cling_ruins,
          hangedman_spider_tarantella_strand
Spider:3: nicolae_spider_cling_halls, uniq_arachne
Spider:4: grunt_spider_rune_circles, nicolae_spider_ant_collections
Orc:1:    nooodl_orcs_dogs, uniq_maurice
Orc:2:    st_orc_rangers, basic_altar, rock_pile
Vaults:1: v_misc_11, vaults_room_stairs_pillars, vaults_standard_mumra_x,
          vaults_dpeg_encased_lava, nicolae_vaults_theta, vaults_dpeg_ring,
          v_pattern_1, ontoclasm_vaults_decontamination,
          nicolae_vaults_yaktaur_gun_rack, serial_shops,
          nicolae_shop_overgrown_old_shop
Vaults:2: v_rooms_2, vaults_room_large_hall, minmay_crypt_entry_vampire_xt,
          v_misc_19, ontoclasm_vaults_shuriken, nicolae_vaults_sealed_display,
          grunt_vaults_diagonal, dpeg_vaults_pockets_of_resistance, v_misc_12,
          v_misc_11, vaults_room_mumra_shop_pool, grunt_vaults_hallway_short,
          v_pattern_4, infiniplex_enter_wizlab_glasses
Vaults:3: ontoclasm_vaults_ring_square, v_alt_pattern_1,
          nicolae_vaults_windows_and_doors_thing,
          nicolae_vaults_little_squares_3, hangedman_vaults_stream,
          vaults_room_pool, hangedman_vaults_trim, v_misc_11,
          hangedman_vaults_snaps, ontoclasm_vaults_hangar, vaults_room_grid,
          ontoclasm_vaults_chip, serial_shops, shop_coins, shop, uniq_mennas
Vaults:4: ontoclasm_vaults_misaligned, hangedman_vaults_nails,
          nicolae_vaults_minivaults, v_misc_25, vaults_dpeg_hooks,
          v_alt_pattern_3, vaults_dpeg_diagonal, hangedman_vaults_slice,
          v_misc_15, vaults_room_ringed_pool, grunt_vaults_swirl,
          ontoclasm_vaults_hangar, nicolae_vaults_ninety_degrees, serial_shops,
          shop, uniq_sojobo, uniq_boris
Depths:1: grunt_mini_vestibule, minmay_misc_feat_doors, minivault_15,
          ice2_lemuel, uniq_saint_roka, uniq_asterion
Depths:2: giant_chief_lemuel, serial_co_window_serial, co_window_paths_a,
          co_window_of_opportunity_a, co_window_paths_a, co_window_paths_a,
          co_window_paths_b, co_window_of_opportunity_b, co_window_broadway_a,
          co_window_corner_b, glass_columns_a, glass_columns_a, glass_columns_a,
          glass_columns_b, hell_entry, pan_entry, basic_stair_grate_trap,
          infiniplex_staircase_trident, firewood_loft, uniq_norris
Depths:3: gammafunk_depths_water_palace, enter_ziggurat_b,
          rand_demon_pan_entry_4, hell_entry, hangedman_abyss_or_decor_slice,
          hangedman_aviary, serial_bayou_shore_b, uniq_enchantress
Lab:      nicolae_lab_stuck, nicolae_lab_statue, nicolae_lab_checkerboard,
          labyrinth_skeletal_remains, nicolae_lab_blocks, nicolae_lab_garden,
          nicolae_lab_swirl, lab_hedge, nicolae_lab_diamond, labyrinth_glass_1,
          nicolae_lab_dead_end
Bazaar:   bazaar_jpeg_circle_common
Sewer:    sewer_minmay_treatment
IceCv:    ice_cave_small_dragons
WizLab:   wizlab_golubria

Table legend:
 A = Turns spent in this place as a percentage of turns spent in the entire game.
 B = Non-inter-level travel turns spent in this place as a percentage of non-inter-level travel turns spent in the entire game.
 C = Inter-level travel turns spent in this place as a percentage of turns spent in this place.
 D = Turns resting spent in this place as a percentage of non-inter-level travel turns spent in this place.
 E = Turns spent auto-exploring this place as a percentage of non-inter-level travel turns spent in this place.
 F = Non-inter-level travel turns spent in this place divided by the number of levels of this place that you've seen.
                   A       B       C       D       E      F
               +-------+-------+-------+-------+-------+----------------------
         Total | 100.0 | 100.0 |   0.4 |   1.8 |   3.9 | 369.1
       Dungeon |  24.3 |  24.2 |   0.7 |   1.6 |   4.7 | 279.8
        Temple |   0.1 |   0.1 |   0.0 |   0.0 |   0.0 |   9.0
          Lair |  17.1 |  17.1 |   0.5 |   1.3 |   2.6 | 371.2
        Shoals |  11.6 |  11.6 |   0.3 |   2.9 |   3.5 | 504.0
   Spider Nest |  13.0 |  13.0 |   0.3 |   2.2 |   2.7 | 564.8
  Orcish Mines |   2.9 |   2.9 |   0.4 |   0.4 |  11.7 | 252.5
        Vaults |  14.5 |  14.5 |   0.4 |   1.7 |   5.4 | 630.8
        Depths |   6.7 |   6.7 |   0.9 |   1.6 |   5.9 | 387.7
         Abyss |   0.7 |   0.7 |   0.0 |   0.0 |   0.0 | 117.0
     Labyrinth |   2.5 |   2.5 |   0.0 |   2.8 |   0.0 | 436.0
        Bazaar |   0.6 |   0.6 |   0.0 |   0.0 |   3.0 |  99.0
         Sewer |   2.2 |   2.2 |   0.0 |   3.4 |   0.0 | 381.0
      Ice Cave |   0.7 |   0.7 |   0.0 |   0.0 |   4.0 | 124.0
        Wizlab |   3.2 |   3.2 |   0.0 |   0.7 |   0.2 | 551.0
               +-------+-------+-------+-------+-------+----------------------

Table legend:
 A = Kills in this place as a percentage of kills in entire the game.
 B = Kills by you in this place as a percentage of kills by you in the entire game.
 C = Kills by friends in this place as a percentage of kills by friends in the entire game.
 D = Other kills in this place as a percentage of other kills in the entire game.
 E = Experience gained in this place as a percentage of experience gained in the entire game.
 F = Experience gained in this place divided by the number of levels of this place that you have seen.
                   A       B       C       D       E      F
               +-------+-------+-------+-------+-------+----------------------
         Total | 100.0 | 100.0 |  -nan | 100.0 | 100.0 | 15788.7
       Dungeon |  20.5 |  20.8 |  -nan |   2.9 |   7.2 | 3562.5
          Lair |  15.4 |  15.6 |  -nan |   0.0 |   7.6 | 7004.1
        Shoals |   9.9 |  10.1 |  -nan |   0.0 |  15.7 | 29189.2
   Spider Nest |  11.0 |  11.0 |  -nan |   8.8 |  12.0 | 22336.5
  Orcish Mines |   5.9 |   5.0 |  -nan |  55.9 |   1.4 | 5224.0
        Vaults |  20.0 |  19.8 |  -nan |  26.5 |  32.4 | 60085.0
        Depths |  10.3 |  10.3 |  -nan |   5.9 |  19.5 | 48136.3
         Abyss |   0.6 |   0.6 |  -nan |   0.0 |   0.5 | 3522.0
     Labyrinth |   1.1 |   1.1 |  -nan |   0.0 |   0.7 | 5443.0
         Sewer |   2.6 |   2.6 |  -nan |   0.0 |   0.0 | 229.0
      Ice Cave |   1.0 |   1.0 |  -nan |   0.0 |   0.7 | 4840.0
        Wizlab |   1.9 |   1.9 |  -nan |   0.0 |   2.3 | 17262.0
               +-------+-------+-------+-------+-------+----------------------
